AoeStats
← [CL] Al3jandr0.magn00

Four Lakes

507542460Analyzed
1v1 RM · 12d ago on Sep 18, 2026· 38m 22s· 2 players
Game mode
Random Map
Map size
Tiny (2 player)
Population
200
Speed
Normal
Resources
Standard
Victory
Conquest
Starting age
Dark Age
Ending age
Imperial Age
RankedLock teamsTeams togetherTeam positionsShared explorationLock speedFull tech treeHidden civsTurbo modeCheats
Victory
Defeat
🇲🇽 Slavs · Mexico
1919
+15
🇦🇷 Italians · Argentina
1900
-15
[CL] Al3jandr0.magn00
7:04 Loom
9:24 Feudal Age
9:53 Double-Bit Axe
19:14 Castle Age
18:55 Fletching
20:15 Medium Warships
21:51 Bodkin Arrow
VENÓN | BetoxAOE
4:39 Loom
12:27 Feudal Age
13:03 Town Watch
15:08 Fletching
17:23 Castle Age
15:49 Scale Barding Armor
16:45 Double-Bit Axe
17:40 Forging
18:43 Medium Warships
19:46 Bloodlines
21:06 Chain Barding Armor
21:41 Fishing Lines
23:03 Bow Saw
24:56 Gold Mining
25:00 Gillnets
29:20 Wheelbarrow
31:16 Horse Collar
34:00 Hand Cart
38:13 Imperial Age
36:32 Gold Shaft Mining
36:09 Bodkin Arrow
36:33 Detinets
36:33 Stone Mining
36:47 Heavy Plow
38:19 Ballistics
38:09 Masonry
38:44 Iron Casting
Connection lost

Rejoining the realm…

Still unreachable

The connection could not be restored.

Session expired

The server has moved on; the page needs a fresh start.